 Dungeon Crawl Stone Soup version 0.29-a0-350-g7790a0e70a (webtiles) character file.

Game seed: 11707565154915832553

35 zeratav the Shooter (level 3, -21/20 HPs)
             Began as a Deep Elf Hunter on Apr 22, 2022.
             Killed from afar by Ijyb (34 damage)
             ... with a bolt of acid
             ... on level 3 of the Dungeon.
             The game lasted 00:02:13 (1187 turns).

zeratav the Shooter (Deep Elf Hunter)               Turns: 1187, Time: 00:02:14

Health: -21/20     AC:  3    Str:  8    XL:     3   Next: 16%
Magic:  14/14      EV: 12    Int: 13    God:
Gold:   43         SH:  0    Dex: 20    Spells: 2/2 levels left

rFire   . . .      SeeInvis .   a - +1 shortbow {bow}
rCold   . . .      Faith    .   (shield currently unavailable)
rNeg    . . .      Spirit   .   b - +0 leather armour
rPois   .          Reflect  .   (no helmet)
rElec   .          Harm     .   (no cloak)
rCorr   .          Rampage  .   (no gloves)
Will    .....                   (no boots)
Stlth   ++........              (no amulet)
HPRegen 0.06/turn               f - ring of magical power
MPRegen 0.14/turn               (no ring)

@: no status effects
A: no striking features
a: no special abilities


You were on level 3 of the Dungeon.
You visited 1 branch of the dungeon, and saw 3 of its levels.

You collected 43 gold pieces.


   Skills:
 - Level 1.5 Fighting
 + Level 6.7 Bows
 - Level 2.4 Dodging
 - Level 1.2 Stealth


You had 2 spell levels left.
You didn't know any spells.
Your spell library contained the following spells:

 Spells                   Type           Power      Damage    Failure   Level
 Blink                    Tloc           0%         N/A       56%         2
 Ensorcelled Hibernation  Hex/Ice        0%         N/A       56%         2
 Passwall                 Tmut/Erth      0%         N/A       56%         2
 Lesser Beckoning         Tloc           0%         N/A       80%         3
 Swiftness                Air            0%         N/A       80%         3
 Manifold Assault         Tloc           0%         N/A       100%        5

Inventory:

Hand Weapons
 a - a +1 shortbow (weapon) {bow}
Armour
 b - a +0 leather armour (worn)
 g - a +0 leather armour
   (You found it on level 1 of the Dungeon)
 i - a +0 leather armour
   (You found it on level 1 of the Dungeon)
 j - a +0 ring mail
   (You found it on level 1 of the Dungeon)
Jewellery
 f - a ring of magical power (left hand)
   (You found it on level 1 of the Dungeon)
Scrolls
 c - a scroll of immolation {!r!r}
 d - 2 scrolls of enchant armour {unknown}
 e - a scroll of enchant weapon {unknown}
 m - a scroll of teleportation {unknown}
Potions
 h - a potion of cancellation {unknown}
 k - a potion of degeneration {unknown}
 l - a potion of berserk rage {unknown}

Dungeon Overview and Level Annotations

Branches:
Dungeon (2/15)

Altars:

Shops:
D:1 [*=!

Annotations:
D:3 Ijyb

.. #.
#.####.####
#.........#
#.#.#.#.#.#
#.........##
#.#.#.#.#..#
...........###.
#.#.#.#@#......
#.....g........
..#.#.#.#$.....
...............
..#.........###
# ##.#......#
#.#......#
#.#......#


You could see Ijyb.


Message History

A bat is nearby!
You shoot an arrow. The arrow completely misses the bat.
You shoot an arrow. The arrow hits the bat!
You kill the bat!
No target in view!
No target in view!
No target in view!
No target in view!
No target in view!
No target in view!
No target in view!
No target in view!
No target in view!
No target in view!
No target in view!
No target in view!
No target in view!
No target in view!
No target in view!
No target in view!
No target in view!
No target in view!
No target in view!
No target in view!
No target in view!
There is an open door here.
m - a scroll labelled ODENTUI ULENOG
Found Mabeq's Distillery.
An endoplasm comes into view.
An endoplasm is nearby!
You shoot an arrow. The arrow hits the endoplasm.
The endoplasm quivers.
You shoot an arrow. The arrow hits the endoplasm!
You kill the endoplasm!
No target in view!
No target in view!
No target in view!
No target in view!
No target in view!
No target in view!
No target in view!
No target in view!
No target in view!
There is an entrance to Mabeq's Distillery here.
There is an entrance to Maenlo Olal's General Store here.
There is an open door here.
There is an open door here.
You see here a +0 club {mace}.
You see here a +0 club {mace}.
You enter the shallow water.
Moving in this stuff is going to be slow.
There is a staircase leading out of the dungeon here.
There is an open door here.
There is an entrance to Kecluqosk's Jewellery Boutique here.
You can access your shopping list by pressing '$'.
There is an open door here.
There is a staircase leading out of the dungeon here.
There is an open door here.
There is a stone staircase leading down here.
There is an open door here.
Things that are here:
a +0 club {mace}; a +0 club {mace}; 18 stones {throwing} Done exploring.
(D) Dungeon
Where to? (Enter - D:1 @ (x,y), ? - help)
There is an open door here.
There is a stone staircase leading down here.
You climb downwards.
A sourceless malevolence fills the Dungeon...
You fall into a shaft and drop 1 floor!
The shaft crumbles and collapses.
Ijyb the Twisted Goblin comes into view.
She is wielding a +0 dagger and carrying a wand of acid (12).
Shoot: a) +1 shortbow {bow}
Press: ? - help, Q - select action Shift-Dir - straight line, f - Ijyb
Aim: Ijyb, wielding a +0 dagger, wearing a +0 ring mail and carrying a wand of acid (12) (asleep, 98% to hit)
You shoot an arrow. The arrow hits Ijyb!
Ijyb shouts!
Ijyb barely misses you.
Shoot: a) +1 shortbow {bow}
Press: ? - help, Q - select action Shift-Dir - straight line, f/p - Ijyb
Aim: Ijyb, wielding a +0 dagger, wearing a +0 ring mail and carrying a wand of acid (12) (moderately wounded, 63% to hit)
You shoot an arrow. The arrow hits Ijyb.
Ijyb hits you with a +0 dagger.
HP[-5]
You take 5 damage, and now have 15/20 hp.
MASSIVE DAMAGE!! (PAUSE) Shoot: a) +1 shortbow {bow}
Press: ? - help, Q - select action Shift-Dir - straight line, f/p - Ijyb
Aim: Ijyb, wielding a +0 dagger, wearing a +0 ring mail and carrying a wand of acid (12) (heavily wounded, 63% to hit)
You shoot an arrow. The arrow hits Ijyb.
Ijyb misses you.
Shoot: a) +1 shortbow {bow}
Press: ? - help, Q - select action Shift-Dir - straight line, f/p - Ijyb
Aim: Ijyb, wielding a +0 dagger, wearing a +0 ring mail and carrying a wand of acid (12) (heavily wounded, 63% to hit)
You shoot an arrow. The arrow closely misses Ijyb.
Ijyb hits you with a +0 dagger.
Ijyb zaps a wand.
The bolt of acid hits you!!
Ouch! That really hurt!
You die...

Skill      XL: |  1 |
---------------+----+-----
Bows           | 6 |  6.7
Fighting       | |  1.5
Dodging        | |  2.4
Stealth        | |  1.2

Action                   || total
-------------------------++-------
 Fire: Shortbow          ||    46
Armor: Leather armour    ||     2
Dodge: Dodged            ||     3

Levels and vault maps discovered:
D:1:      nzn_arrival_water_spiral, layout_loops_corners,
          hellmonk_ecumenical_altar_dog_temple, serial_shops,
          nicolae_shop_waterfront, nicolae_square_shop, nicolae_square_shop,
          shop
D:2:      layout_loops_ring, roderic_roman_lattice
D:3:      layout_basic, mainiacjoe_overflow_chevrons, serial_glass,
          glass_columns_c, glass_columns_a, glass_columns_a, glass_columns_a,
          glass_columns_a, feat_on_display, feat_on_display, item_on_display_a,
          uniq_ijyb

Notes
Turn   | Place    | Note
-------+----------+-------------------------------------------
     0 | D:1      | zeratav the Deep Elf Hunter began the quest for the Orb.
     0 | D:1      | Reached XP level 1. HP: 12/12 MP: 3/3
     0 | D:1      | magus.rc [v1.9.6]
   161 | D:1      | You pick up a book of Burglary and begin reading...
   161 | D:1      | You add the spells Passwall, Ensorcelled Hibernation and
                  | Swiftness to your library.
   320 | D:1      | Found Kecluqosk's Jewellery Boutique.
   336 | D:1      | Reached skill level 6 in Bows
   336 | D:1      | Reached XP level 2. HP: 8/16 MP: 4/4
   606 | D:1      | Found Maenlo Olal's General Store.
   673 | D:1      | You pick up a book of Spatial Translocations and begin
                  | reading...
   673 | D:1      | You add the spells Blink, Lesser Beckoning and Manifold
                  | Assault to your library.
   733 | D:1      | Reached XP level 3. HP: 20/20 MP: 5/5
   733 | D:1      | Found a faded altar of an unknown god.
   746 | D:1      | Found Cabbeopt's Armour Shoppe.
   982 | D:1      | Found Mabeq's Distillery.
  1183 | D:2      | You fall into a shaft and drop 1 floor!
  1183 | D:3      | Noticed Ijyb
  1187 | D:3      | Killed from afar by Ijyb

Vanquished Creatures
  A gnoll (D:1)
  A dart slug (D:1)
  An endoplasm (D:1)
  2 giant cockroaches (D:1)
  6 goblins (D:1)
  2 jackals (D:1)
  A quokka (D:1)
  2 ball pythons (D:1)
  3 bats (D:1)
  A kobold (D:1)
  2 rats (D:1)
22 creatures vanquished.

Table legend:
 A = Non-vault XP
 B = Vault XP
 C = Vault XP percentage of total XP
 D = Non-vault monster count
 E = Vault monster count
 F = Vault count percentage of total count
                 A         B        C        D         E       F
            +---------+---------+-------+---------+---------+-------
      Total |      46 |       4 |   8.0 |      20 |       2 |   9.1
            +---------+---------+-------+---------+---------+-------
        D:1 |      46 |       4 |   8.0 |      20 |       2 |   9.1
            +---------+---------+-------+---------+---------+-------

Illustrated notes

Table legend:
 A = Kills in this place as a percentage of kills in entire the game.
 B = Kills by you in this place as a percentage of kills by you in the entire game.
 C = Kills by friends in this place as a percentage of kills by friends in the entire game.
 D = Other kills in this place as a percentage of other kills in the entire game.
 E = Experience gained in this place as a percentage of experience gained in the entire game.
 F = Experience gained in this place divided by the number of levels of this place that you have seen.
                   A       B       C       D       E      F
               +-------+-------+-------+-------+-------+----------------------
         Total | 100.0 | 100.0 |   N/A |   N/A | 100.0 |  16.7
       Dungeon | 100.0 | 100.0 |   N/A |   N/A | 100.0 |  16.7
               +-------+-------+-------+-------+-------+----------------------

Table legend: (Time is in decaauts)
 A = Elapsed time spent in this place.
 B = Non-inter-level travel time spent in this place.
 C = Inter-level travel time spent in this place.
 D = Time resting spent in this place.
 E = Time spent auto-exploring this place.
 F = Levels seen in this place.
 G = Mean time per level.
                   A        B        C        D        E       F      G
               +--------+--------+--------+--------+--------+-----+--------+
         Total |   1202 |   1085 |    117 |      0 |    983 |   3 |  400.7 |
       Dungeon |   1202 |   1085 |    117 |      0 |    983 |   3 |  400.7 |
               +--------+--------+--------+--------+--------+-----+--------+

Top non-repeatable levels by time:
     D:1: 1198 daAuts
     D:3: 4 daAuts
